Cogmind - Beta 15 @@@ ROGUE MODE // 2025.08.12 @ 23:42:50 Player: human Result: Destroyed by Y-54 Guardian with Gatling Laser Performance ------------- Evolutions (3) 1500 Regions Visited (6) 1200 Robots Destroyed (102) 510 Value Destroyed (3092) 3092 Prototype IDs (1) 20 Alien Tech Used (0) 0 Bonus (225) 225 TOTAL SCORE: 6547 Bonus ------- High Alert Combat Kills 225 Cogmind --------- Core Integrity 0/700 Matter 156/300 Energy 100/100 System Corruption 0% Temperature Cool (12) Movement Core (700) Ox13 Location -7/Factory Parts ------- > --- POWER (1) -------- (None) > --- PROPULSION (4) --- (None) > --- UTILITY (5) ------ High-capacity Storage Unit System Shield > --- WEAPON (3) ------- (None) > --- INVENTORY (20) --- Advanced Heat Sink Large Storage Unit Huge Storage Unit Large Matter Pod (150) Improved Datajack Hammer Peak State ------------ > --- POWER ------------ Light Nuclear Core > --- PROPULSION ------- Light Treads Armored Treads Advanced Treads > --- UTILITY ---------- Advanced Heat Sink Improved Cooling System Large Storage Unit Machine Analyzer Hacking Suite > --- WEAPON ----------- Spread Laser Heavy Particle Gun Light Cannon > --- INVENTORY -------- Wheel Huge Storage Unit Large Matter Pod System Shield Beam Rifle Spread Laser Light Cannon Mini Grenade Launcher Missile Launcher Hammer [Rating: 34] Favorites ----------- Power Light Nuclear Core Engine Light Ion Engine Power Core Light Nuclear Core Propulsion Light Treads Treads Light Treads Wheel Compact Wheel Utility Large Storage Unit Device Heat Sink Storage Large Storage Unit Processor Machine Analyzer Hackware System Shield Protection Hardened Medium Armor Plating Weapon Light Cannon Energy Gun Spread Laser Energy Cannon Beam Cannon Ballistic Cannon Light Cannon Launcher Rocket Launcher Impact Weapon Hammer Build | -11 -10 -10 -9 -9 -8 -7 ------- Run | Yrd Mat Min Mat Min Mat Fac Slots Evolved 6 | . . . 2 . 2 2 Power . | . . . . . . . Propulsion 2 | . . . . . 1 1 Utility 3 | . . . 2 . 1 . Weapon 1 | . . . . . . 1 Parts Attached 69 | 6 6 2 21 1 25 8 Power 8 | 1 . 1 1 . 4 1 Engine 3 | 1 . . . . 1 1 Core 5 | . . 1 1 . 3 . Reactor . | . . . . . . . Propulsion 15 | 2 1 . 4 . 6 2 Treads 11 | 2 . . 3 . 6 . Leg . | . . . . . . . Wheel 4 | . 1 . 1 . . 2 Hover . | . . . . . . . Flight . | . . . . . . . Utility 23 | 1 3 . 8 . 7 4 Device 11 | . 1 . 6 . 4 . Storage 5 | 1 2 . . . 1 1 Processor 3 | . . . 2 . 1 . Hackware 3 | . . . . . . 3 Protection 1 | . . . . . 1 . Artifact . | . . . . . . . Weapon 23 | 2 2 1 8 1 8 1 Energy Gun 8 | 2 . . 3 . 2 1 Energy Cannon 3 | . . . 2 . 1 . Ballistic Gun . | . . . . . . . Ballistic Cannon 6 | . 2 1 1 . 2 . Launcher 5 | . . . 1 1 3 . Special Weapon . | . . . . . . . Impact Weapon 1 | . . . 1 . . . Slashing Weapon . | . . . . . . . Piercing Weapon . | . . . . . . . Special Melee Weapon . | . . . . . . . Unidentified Prototypes 1 | . . . . . 1 . Parts Lost 41 | . . 2 6 . 14 19 Power 7 | . . 1 1 . 3 2 Propulsion 12 | . . . 3 . 4 5 Utility 10 | . . . 1 . 5 4 Weapon 12 | . . 1 1 . 2 8 Highest Loss Streak 19 | . . 1 3 . 6 19 To Critical Strikes . | . . . . . . . Average Backups 12 | 3 10 11 14 15 14 11 Power 1 | . 1 2 1 1 . . Propulsion 2 | 2 2 2 2 2 2 . Utility 3 | . . 1 4 4 3 4 Weapon 6 | . 5 5 6 8 7 5 Tool/Special . | . . . . . . . Unused Backups 10 | . 3 . 2 . 2 3 Power 1 | . . . . . 1 . Propulsion 5 | . 2 . 2 . 1 . Utility 2 | . . . . . . 2 Weapon 1 | . 1 . . . . . Tool/Special 1 | . . . . . . 1 Average Slot Usage (%) 95 | . 97 100 98 100 92 77 Engine 4 | . 14 8 . . 5 . Core 6 | . . 5 11 11 3 4 Treads 19 | . 16 14 19 22 23 16 Wheel 4 | . 11 14 2 . . . Device 18 | . 11 14 21 22 26 3 Storage 11 | . 14 14 11 11 9 7 Processor 5 | . . . 10 11 2 6 Hackware 1 | . . . . . . 16 Energy Gun 5 | . 2 . 5 16 6 12 Energy Cannon 3 | . . . 6 . 4 . Ballistic Cannon 12 | . 25 28 8 . 5 6 Peak Build Rating 34 | 6 8 10 18 18 29 34 Average Rating 16 | 4 7 8 15 18 23 27 On Entrance 12 | . 6 8 10 18 18 29 Naked Turns . | . . . . . . . Heaviest Build 56 | 11 30 32 34 35 48 56 Greatest Support 62 | 40 40 16 40 40 62 62 Greatest Overweight (x) 13 | . 1 1 2 . 1 13 Average Overweight (x) . | . . 1 . . . . Largest Inventory Capacity 20 | 8 15 15 15 15 20 20 Average Capacity 14 | 6 13 15 15 15 15 17 Most Carried 16 | 6 11 12 15 15 16 14 Average Carried 12 | 3 10 11 14 15 14 11 Final Capacity 20 | 8 15 15 15 15 15 20 Final Carried 15 | 6 11 11 15 15 11 6 Class Distribution -------------------- 70% | Mutant 25% | Scavenger-Mutant 3% | Hacker-Skirmisher Dominant Class ---------------- Mutant | -10/Materials Mutant | -10/Mines Mutant | -9/Materials Mutant | -9/Mines Scavenger-Mutant | -8/Materials Hacker-Skirmisher | -7/Factory Resources | -11 -10 -10 -9 -9 -8 -7 ----------- Run | Yrd Mat Min Mat Min Mat Fac Matter Collected 1935 | 170 264 202 660 43 573 23 Remotely . | . . . . . . . Salvage Created 2563 | . 287 155 871 77 954 219 Parts 168 | . 18 9 63 7 49 22 Haulers Intercepted 2 | . 1 . 1 . . . Recyclers Shooed 2 | . . . 2 . . . Parts Field Recycled . | . . . . . . . Retrieved Matter . | . . . . . . . Parts Self-Destructed . | . . . . . . . Prevented . | . . . . . . . Kills | -11 -10 -10 -9 -9 -8 -7 ------- Run | Yrd Mat Min Mat Min Mat Fac Combat Hostiles Destroyed 89 | . 9 6 26 10 30 8 Guns 21 | . . . 7 7 5 2 Cannons 42 | . 9 6 14 . 10 3 AOE 25 | . . . 4 3 15 3 Classes Destroyed 14 | . 4 . 5 1 4 . Worker 6 | . . . 1 . 5 . Builder 3 | . . . 1 . . 2 Hauler 2 | . 1 . 1 . . . Recycler 1 | . . . . . 1 . Mechanic 3 | . . . . . 3 . Operator 3 | . 1 . 1 . . 1 Watcher 1 | . . . 1 . . . Swarmer 28 | . 3 2 8 4 7 4 Grunt 34 | . 6 4 8 . 14 2 Brawler 3 | . . . 1 . 2 . Sentry 13 | . . . 9 . 2 2 Specialist 4 | . . . . . 4 . Heavy 1 | . . . . . 1 . Assembled 6 | . . . . 6 . . Best Kill Streak 12 | . 3 2 5 5 12 9 Combat Bots Only 8 | . 3 2 5 5 8 7 Max Kills in Single Turn 5 | . 1 1 2 2 5 3 Gunslinging . | . . . . . . . Exploded 4 | . . . 2 1 4 3 Melee . | . . . . . . . Uniques/NPCs Destroyed . | . . . . . . . Combat | -11 -10 -10 -9 -9 -8 -7 -------- Run | Yrd Mat Min Mat Min Mat Fac Hostile Shots Fired 749 | . 32 26 126 20 183 362 Missed 245 | . 12 7 37 7 63 119 Hits 504 | . 20 19 89 13 120 243 Melee 6 | . . . 2 . 4 . Projectile 498 | . 20 19 87 13 116 243 Critical Strikes 8 | . . . 4 . 4 . Damage Taken 6215 | . 251 180 1148 132 2380 2124 Core 1538 | . 24 40 285 . 489 700 Absorbed by Shields . | . . . . . . . Core Remaining (%) 53 | 100 . 74 . 28 11 . Volleys Fired 185 | . 16 11 69 10 61 18 Largest 3 | . 2 2 2 2 2 3 Hottest 156 | . 60 60 133 130 136 156 Shots Fired 374 | . 32 22 135 18 121 46 Gun 104 | . . . 33 14 30 27 Cannon 238 | . 32 22 96 . 73 15 Launcher 32 | . . . 6 4 18 4 Special . | . . . . . . . Kinetic 152 | . 32 22 60 . 23 15 Thermal 190 | . . . 69 14 80 27 Explosive 32 | . . . 6 4 18 4 Electromagnetic . | . . . . . . . Robot Hit Streak 18 | . 9 5 13 4 18 13 Robot Miss Streak 7 | . 2 4 5 7 4 6 Penetration Max . | . . . . . . . Secondary Targets 1 | . . . . . . 1 Max Gunslinging Chain 1 | . . . . . . 1 Shots Hit Robots 255 | . 19 11 90 14 85 36 Core Hits 237 | . 11 8 66 24 97 31 Critical Kills . | . . . . . . . Critical Parts Destroyed . | . . . . . . . Critical Strikes 6 | . 1 2 2 . 1 . Blast 6 | . 1 2 2 . 1 . Melee Attacks 3 | . . . 3 . . . Impact 3 | . . . 3 . . . Slashing . | . . . . . . . Piercing . | . . . . . . . Sneak Attacks . | . . . . . . . Combat Hostiles . | . . . . . . . Follow-up Attacks . | . . . . . . . Damage Inflicted 7641 | . 329 207 1853 325 3788 1139 Guns 1331 | . . . 419 134 407 371 Cannons 2831 | . 329 207 1039 . 1079 177 Explosions 3479 | . . . 395 191 2302 591 Melee . | . . . . . . . Ramming . | . . . . . . . Kinetic 1687 | . 329 207 652 . 322 177 Thermal 2475 | . . . 806 134 1164 371 Explosive 3479 | . . . 395 191 2302 591 Electromagnetic . | . . . . . . . Impact . | . . . . . . . Slashing . | . . . . . . . Piercing . | . . . . . . . Highest Corruption 2 | . . . . . 2 . Average Corruption 2 | . . . . . 2 . Corruption Purged . | . . . . . . . Corruption Blocked . | . . . . . . . Effects 12 | . . . . . 12 . Message Errors 3 | . . . . . 3 . Matter Fused 3 | . . . . . 3 . Heat Flow Errors 1 | . . . . . 1 . Energy Discharges 1 | . . . . . 1 . Data Loss (minor) 1 | . . . . . 1 . Misfires 2 | . . . . . 2 . Weapon Failures 1 | . . . . . 1 . Overload Shots . | . . . . . . . Overflow Damage 90 | . 14 . 12 . 43 21 Projectiles 23 | . 14 . 9 . . . Explosions 67 | . . . 3 . 43 21 Melee . | . . . . . . . Knockbacks 14 | . 4 1 1 . 8 . Impact . | . . . . . . . Kinetic 13 | . 4 1 1 . 7 . Secondary 1 | . . . . . 1 . Self-Inflicted Damage 202 | . . . 15 . 169 18 Shots 9 | . . . 1 . 7 1 Rammed . | . . . . . . . Targets Rammed . | . . . . . . . Kicked . | . . . . . . . Crushed . | . . . . . . . Highest Temperature 437 | . 12 . 222 . 437 332 Average Temperature 114 | . 10 . 58 . 117 203 Received Heat Transfer 1725 | . 96 33 297 . 693 606 Effects 3 | . . . . . 2 1 Energy Bleed 1 | . . . . . . 1 Short Circuit 2 | . . . . . 2 . Siege Activations . | . . . . . . . Martial Activations . | . . . . . . . Shielding Activations . | . . . . . . . Robots Disrupted . | . . . . . . . Combat Hostiles . | . . . . . . . Robots Corrupted . | . . . . . . . Combat Hostiles . | . . . . . . . Parts Fried . | . . . . . . . Impact Corruptions . | . . . . . . . Robots Melted 1 | . . . 1 . . . Combat Hostiles 1 | . . . 1 . . . Parts Melted 3 | . . . 3 . . . Heat Transferred 4031 | . . . 1368 165 1907 591 Parts Sabotaged . | . . . . . . . Parts Stolen . | . . . . . . . Parts Stripped . | . . . . . . . Power Chain Reactions . | . . . . . . . Alert | -11 -10 -10 -9 -9 -8 -7 ------- Run | Yrd Mat Min Mat Min Mat Fac Maximum Alert Level 2 | . . . 1 . 2 1 Low Security (%) 57 | 100 100 100 50 100 16 15 Level 1 26 | . . . 49 . 4 84 Level 2 16 | . . . . . 79 . Level 3 . | . . . . . . . Level 4 . | . . . . . . . Level 5 . | . . . . . . . High Security . | . . . . . . . Max Security . | . . . . . . . Peak Influence 661 | . 87 60 337 182 661 305 Initial 271 | . . . 3 92 34 271 Average 199 | . 28 31 178 135 477 236 Influence Increases 2789 | . 275 140 934 107 1089 244 Destroy 0b10 Robot/C 1660 | . 180 120 520 80 600 160 Destroy 0b10 Robot/NC 95 | . 10 . 25 . 45 15 Destroy Leader 376 | . 42 20 154 10 120 30 Successful Hack 87 | . 12 . 54 . 21 . Select Force Hacks 120 | . 30 . 60 . 30 . Disable Machine 60 | . . . 45 . 15 . Anti-Garrison Action 150 | . . . . . 150 . Destroy Structure 196 | . 1 . 31 17 108 39 Lose Combat Pursuer 45 | . . . 45 . . . Influence Decreases 2604 | . 275 130 706 256 581 656 Entered New Map 534 | . . . 7 146 55 326 Time Decay 1520 | . 275 110 499 110 386 140 Lost Part 400 | . . 20 50 . 140 190 Purge Threat 150 | . . . 150 . . . Squads Dispatched 17 | . 2 . 2 . 10 3 Investigation 4 | . 1 . 2 . 1 . Extermination . | . . . . . . . Reinforcement 6 | . 1 . . . 4 1 Assault 3 | . . . . . 3 . Garrison 4 | . . . . . 2 2 Intercept . | . . . . . . . Searches Triggered . | . . . . . . . Construction Impeded 1 | . . . . . 1 . Haulers Reinforced 1 | . . . . . . 1 Active Scanning Responses . | . . . . . . . Cargo Convoy Interrupts . | . . . . . . . Stealth | -11 -10 -10 -9 -9 -8 -7 --------- Run | Yrd Mat Min Mat Min Mat Fac Distress Signals 5 | . 1 . 3 . 1 . Communications Jammed . | . . . . . . . Distress Signals . | . . . . . . . Times Spotted 138 | . 19 6 42 9 50 12 Peak Tracking Total 8 | . 6 2 8 4 7 7 Tactical Retreats 1 | . . . 1 . . . Traps | -11 -10 -10 -9 -9 -8 -7 ------- Run | Yrd Mat Min Mat Min Mat Fac Traps Triggered 10 | . 6 . 3 . 1 . Indirectly . | . . . . . . . Trap Hack Attempts . | . . . . . . . Triggered . | . . . . . . . Disarmed . | . . . . . . . Reprogrammed . | . . . . . . . Reused . | . . . . . . . Traps Extracted . | . . . . . . . Installed . | . . . . . . . Triggered . | . . . . . . . Machines | -11 -10 -10 -9 -9 -8 -7 ---------- Run | Yrd Mat Min Mat Min Mat Fac Machines Disabled 5 | . . . 3 . 2 . Max in Single Turn 1 | . . . 1 . 1 . Garrison Access 1 | . . . . . 1 . Machines Repaired . | . . . . . . . Machines Dismantled . | . . . . . . . Machines Sabotaged . | . . . . . . . Overloaded Fab Kills . | . . . . . . . Hacking | -11 -10 -10 -9 -9 -8 -7 --------- Run | Yrd Mat Min Mat Min Mat Fac Machines Accessed 27 | . 6 . 14 . 4 3 Terminals 23 | . 5 . 12 . 3 3 Fabricators . | . . . . . . . Repair Stations . | . . . . . . . Recycling Units 4 | . 1 . 2 . 1 . Scanalyzers . | . . . . . . . Garrison Access . | . . . . . . . Total Hacks 69 | . 18 . 35 . 11 5 Successful 38 | . 12 . 20 . 6 . Failed 31 | . 6 . 15 . 5 5 Catastrophic 5 | . . . 1 . 1 3 Database Lockouts . | . . . . . . . Manual 56 | . 15 . 27 . 11 3 Terminals 61 | . 16 . 33 . 7 5 Fabricators . | . . . . . . . Repair Stations . | . . . . . . . Recycling Units 8 | . 2 . 2 . 4 . Scanalyzers . | . . . . . . . Garrison Access . | . . . . . . . Terminal Hacks 15 | . 3 . 12 . . . Record 1 | . . . 1 . . . Part Schematic 1 | . . . 1 . . . Robot Analysis 5 | . . . 5 . . . Branch Access Points 1 | . . . 1 . . . Terminal Index 1 | . 1 . . . . . Repair Station Index 1 | . 1 . . . . . Alert Level 3 | . 1 . 2 . . . Unreport Threat 1 | . . . 1 . . . Hauler Manifests 1 | . . . 1 . . . Fabricator Hacks . | . . . . . . . Repair Station Hacks . | . . . . . . . Recycling Unit Hacks . | . . . . . . . Scanalyzer . | . . . . . . . Garrison Access Hacks . | . . . . . . . Unauthorized Hacks 23 | . 9 . 8 . 6 . Terminals 17 | . 8 . 6 . 3 . Assimilate 1 | . 1 . . . . . Botnet 3 | . 2 . 1 . . . Skim 13 | . 5 . 5 . 3 . Fabricators . | . . . . . . . Repair Stations . | . . . . . . . Recycling Units 6 | . 1 . 2 . 3 . Reject 1 | . . . . . 1 . Recyclers 1 | . . . . . 1 . Tunnel 4 | . 1 . 2 . 1 . Scanalyzers . | . . . . . . . Garrison Access . | . . . . . . . Data Cores Recovered 2 | . . . 1 . . 1 Used 1 | . . . 1 . . . Hacking Detections 23 | . 4 . 12 . 4 3 Full Trace Events . | . . . . . . . Feedback Events . | . . . . . . . Feedback Blocked . | . . . . . . . Robot Schematics Acquired . | . . . . . . . Robots Built . | . . . . . . . Authchips . | . . . . . . . Time . | . . . . . . . Total Robot Build Rating . | . . . . . . . Part Schematics Acquired 1 | . . . 1 . . . Parts Built . | . . . . . . . Authchips . | . . . . . . . Time . | . . . . . . . Total Part Build Rating . | . . . . . . . Parts Repaired . | . . . . . . . Time . | . . . . . . . Parts Recycled . | . . . . . . . Recycled Matter . | . . . . . . . Retrieved Matter . | . . . . . . . Retrieved Components . | . . . . . . . Parts Scanalyzed . | . . . . . . . Part Schematics Acquired . | . . . . . . . Parts Damaged . | . . . . . . . Bothacking | -11 -10 -10 -9 -9 -8 -7 ------------ Run | Yrd Mat Min Mat Min Mat Fac Used RIF Installer . | . . . . . . . Robots Hacked . | . . . . . . . Non-combat . | . . . . . . . Combat . | . . . . . . . Robot Hacks Applied . | . . . . . . . Relay Couplers Released 2 | . . . . . 2 . Machine Destruction 2 | . . . . . 2 . Fabnet Peak Effective % . | . . . . . . . Robots Rewired . | . . . . . . . Allies Hacked . | . . . . . . . Hacks Repelled . | . . . . . . . Allies | -11 -10 -10 -9 -9 -8 -7 -------- Run | Yrd Mat Min Mat Min Mat Fac Total Allies . | . . . . . . . Largest Group . | . . . . . . . Highest-Rated Group . | . . . . . . . Highest-Rated Ally . | . . . . . . . Total Orders . | . . . . . . . Ally Attacks . | . . . . . . . Total Damage . | . . . . . . . Kills . | . . . . . . . Allies Corrupted . | . . . . . . . Allies Melted . | . . . . . . . Intel | -11 -10 -10 -9 -9 -8 -7 ------- Run | Yrd Mat Min Mat Min Mat Fac Active Infowar (turns) 3060 | . . . 1673 228 882 277 Sensors 255 | . . . 255 . . . Terrain 322 | . . . . . 322 . Seismic 1776 | . . . 699 228 849 . Machine Analysis 2393 | . . . 1657 228 231 277 Robot Analysis Total 5 | . . . 5 . . . Derelict Logs Recovered 2 | . . 1 . 1 . . Drone Launches . | . . . . . . . Drone Recoveries . | . . . . . . . Exploration | -11 -10 -10 -9 -9 -8 -7 ------------- Run | Yrd Mat Min Mat Min Mat Fac Turns Passed 4391 | 89 895 250 1726 228 914 289 Spaces Moved 1957 | 50 332 174 771 107 403 120 Core 12 | 8 . . . . . 4 Treads 1382 | 42 145 . 573 107 403 112 Legs . | . . . . . . . Wheels 563 | . 187 174 198 . . 4 Hover . | . . . . . . . Flight . | . . . . . . . Fastest Speed 50 | 50 100 115 115 160 158 110 Average Speed 153 | 142 149 115 152 160 166 175 Slowest Speed 700 | 160 240 115 240 160 250 700 Overloaded Moves . | . . . . . . . Propulsion Burnouts . | . . . . . . . Robots Hopped . | . . . . . . . Potential Cave-ins . | . . . . . . . Cave-ins Triggered . | . . . . . . . Exploration Rate (%) 33 | 4 58 26 81 31 28 5 Regions Visited 6 Branch Regions 2 Pre-discovered Areas 11 | . 3 . 6 1 1 . Known Exits Taken 2 | . . 1 1 . . . Unknown Exits Taken 4 | 1 1 . . 1 1 . Scrap Searched 1 | . . 1 . . . . Spaces Dug 1 | . . . 1 . . . Terrain Destroyed 227 | . . . 36 26 129 36 Melee 1 | . . . 1 . . . Projectile 5 | . . . 1 . 4 . AOE 221 | . . . 34 26 125 36 Terrain Rammed . | . . . . . . . Walls Destroyed . | . . . . . . . Machines Disabled . | . . . . . . . Actions | -11 -10 -10 -9 -9 -8 -7 --------- Run | Yrd Mat Min Mat Min Mat Fac Total 2972 | 65 697 202 1182 146 521 159 Wait 654 | 4 319 14 285 27 2 3 Move 1951 | 49 331 173 770 106 402 120 Hop . | . . . . . . . Pick Up 49 | 6 9 2 16 1 13 2 Fast Attach 39 | 6 11 . 8 . 11 3 Attach 27 | . . 2 6 . 10 9 Detach 1 | . . . . . . 1 Swap 29 | . 4 . 10 1 11 3 Drop 34 | . 7 . 15 1 11 . Fire 185 | . 16 11 69 10 61 18 Melee 3 | . . . 3 . . . Ram . | . . . . . . . Kick . | . . . . . . . Crush . | . . . . . . . Escape Stasis . | . . . . . . . Rewire . | . . . . . . . Trap . | . . . . . . . Miscellaneous . | . . . . . . . Route ------- -11/Scrapyard -10/Materials (discovered 4 exits: *Mat x3 / [*Min]) -10/Mines (discovered 2 exits: *Mat x2) -9/Materials (discovered 3 exits: *Mat x2 / *Min) -9/Mines -8/Materials (discovered 2 exits: *Fac / *Sto) -7/Factory History --------- Turn | Location | Event 6 | -11/Scrapyard | Discovered new exit (range 16) 90 | -11/Scrapyard | Entered Materials 272 | -10/Materials | Discovered new exit (range 15) 327 | -10/Materials | Build established: Mutant 415 | -10/Materials | Discovered new exit (range 14) 575 | -10/Materials | Learned location of Subcaves (-10) 645 | -10/Materials | Learned location of 2 exits from Mines 705 | -10/Materials | Identified exit to Materials 794 | -10/Materials | Learned 4 Subcaves zone layouts 826 | -10/Materials | Loaded intel: 23 trap records 878 | -10/Materials | Learned location of 1 exit from Storage 919 | -10/Materials | Learned location of 2 exits from Subcaves 985 | -10/Materials | Entered Mines 1235 | -10/Mines | Entered Materials 1235 | -9/Materials | Evolved 2 slots: Utility x2 1236 | -9/Materials | Identified exit to Mines 1721 | -9/Materials | Lost 3 parts (1p1n1w) 1821 | -9/Materials | Discovered new exit (range 15) 1859 | -9/Materials | Core integrity fell below 50% 1944 | -9/Materials | Learned location of Storage (-8) 2007 | -9/Materials | Learned location of Zion (-6) 2025 | -9/Materials | Learned location of 1 exit from Recycling 2061 | -9/Materials | Learned Storage garrison access intel 2087 | -9/Materials | Learned 2 Materials zone layouts 2167 | -9/Materials | Build established: Scavenger-Mutant 2587 | -9/Materials | Build established: Mutant 2694 | -9/Materials | Discovered new exit (range 10) 2961 | -9/Materials | Entered Mines 2979 | -9/Mines | Assembled infested the area 2990 | -9/Mines | Received a Rocket Launcher from a helpful Derelict 3108 | -9/Mines | Discovered new exit (range 15) 3189 | -9/Mines | Entered Materials 3189 | -8/Materials | Evolved 2 slots: Propulsion x1, Utility x1 3190 | -8/Materials | Identified exit to Storage 3445 | -8/Materials | Lost 5 parts (1p1n2u1w) 3476 | -8/Materials | Destroyed 8 combat bots 3512 | -8/Materials | Lost 3 parts (1p1n1w) 3677 | -8/Materials | Build established: Scavenger-Mutant 3989 | -8/Materials | First assault squad dispatched 4024 | -8/Materials | Core integrity fell below 50% 4043 | -8/Materials | Discovered new exit (range 6) 4045 | -8/Materials | Core integrity fell below 20% 4088 | -8/Materials | Lost 6 parts (1p2n3u) 4103 | -8/Materials | Entered Factory 4103 | -7/Factory | Evolved 2 slots: Propulsion x1, Weapon x1 4313 | -7/Factory | Garrison activated, responded to threat 4344 | -7/Factory | Garrison activated, responded to threat 4354 | -7/Factory | Destroyed 7 combat bots 4376 | -7/Factory | Core integrity fell below 50% 4387 | -7/Factory | Core integrity fell below 20% 4392 | -7/Factory | Destroyed by Y-54 Guardian with Gatling Laser Last Messages --------------- 04349_ System Shield destroyed. 04350_ U-05 Engineer builds a Wall. 04350_ Lgt. Deuterium Engine destroyed. 04350_ Wheel destroyed. 04352_ U-05 Engineer lays Concrete. 04354_ U-05 Engineer builds a Door. 04355_ Y-54 Guardian destroyed. 04355_ Switching to secondary target: Y-54 Guardian. 04356_ U-05 Engineer lays Concrete. 04359_ Beam Rifle destroyed. 04360_ U-05 Engineer lays Concrete. 04361_ U-05 Engineer builds a Wall. 04362_ Spread Laser destroyed. 04363_ K-01 Serf collects debris. 04365_ Mni. Grenade Launcher destroyed. 04371_ Imp. Cooling System destroyed. 04380_ Machine Analyzer destroyed. 04389_ U-05 Engineer lays Concrete. 04391_ R-06 Scavenger destroyed. Map ----- +----------------------------------------------------+ | ?????????????????????????????????????????????????? | | ?????????????????????????????????????????????????? | | ?????????????????????????????????????????????????? | | ?????????????????????????????????????????????????? | | ?????????????????????????????????????????????????? | | ?????????????????????????????????????????????????? | | ""???????????????????????????????????????????????? | | ""???????????????????????????????????????????????? | | ""???????????????????????????????????????????????? | | ???""????????????????????????????????????????????? | | ""?""????????? = ??????????????????????????????? | | ""??G????????? ?????????????????"""??????????? | | ""?""????????? ?????????????#???"""??????????? | | ???""????????? !???????????? #???"""??????????? | | ?????????????? ######?###?? #????""??????????? | | ?????????????## ## ? #?? #????""??????????# | | ?????????##?## ## """" #?? #????????????????# | | ????????? ## """" ### ###???#+########## | | ????"""?""" # """" + | | ????"""?""" """" # | | ????"""?""" # ! """" # """ """?""" """ | | ?????????? ? #% """" # "G """ """ """ | | ?????????? + %% """" # """ """ """ """ | | ??????????? #% # | | ?############## % ! #####/### """ """ """ """ | | ?""" ]# [%#?# @ ! """ """ """ """ | | ?""" # T"*%###!% """ """ """ """ ! | | """ + %"%! Y!%= = | | #% ###%Y= """ """ """ | | ""T"" % #?# ^ !! """ """ """ | | ! """"" # # ###?# ^ !! """ """ """ ## | | ################ #???# ! #? | | ??????????????##/#???# """ """ """ """ #? | | ??????????????? ????# """ """ """ """ #? | | ????????????""""""???# """ """ """ """ #? | | ????????????""""""???# "" #? | | ????????????""""""???# "" #? | | ????????????""""""???# ^ ###########+#### | | ?????????????????????# """ #????# | | ?????????????????????# """ #????# | | ?????????????????????? """ #????# """ """ | | ??????????""?????????? "" T????# """ """ | | ??????????"T?????????? "" ????# """ """ | | ??????????""????????????^ #????# | | ??????????????????????? """ #????# """ """ | | ??????????????????????? """ #????#??""" """? | | ????????????????????????""" #???????""" """? | | ?????????????????????????"" #????????? ??? | | ?""""?""""?""""??????????"" ?????????? ??? | | ?""""?""""?""""??????????? ?????????? ??? | +----------------------------------------------------+ Best States ------------- Heat Dissipation 80 Energy Generation 14 Energy Capacity 265 Matter Stores 300 Matter Capacity 300 Sight Range 16 Robot Scan Range 14 Terrain Scan Range 16 Terrain Scan Density 10 Armor Coverage 225 Evasion (%) 40 Recoil Reduction 3 Offensive Hacking 10 Defensive Hacking 20 Item Schematics ----------------- Huge Storage Unit | -9/Materials | Hacked Robot Schematics ------------------ None Fabricated ------------ Nothing Repaired ---------- Nothing Alien Tech Used ----------------- None Achievements -------------- None Challenges ------------ None Game ------ Seed PitchforkCobblerCalibrator Manual? 0 Play Time 00:49:13 Cumulative 299.6 hours Start 2025.08.12 @ 22:53:44 End 2025.08.12 @ 23:42:50 Sessions 1 Manual Loads 0 Difficulty Rogue Special Mode None Game No. 244 Rogue 244 Adventurer 0 Explorer 0 Win Type - Total 2 Types 2/0/0/0/0/0/0/0/0/0 Lore% 80 Gallery% 67 Achievement% 57 Wizard Run 0 Options --------- Layout 1 ASCII 0 Keyboard 0 Movement Mouse Keybinds 0 Fullscreen 1 Font 24/Smallcaps Map View 50x35 Zoom Use 0% Tactical HUD 1 Map Filters NONE Filters NONE Steam 1 RUN: 243e450d-b3a0-44cb-8aea-516e4f1738f5